 Dungeon Crawl Stone Soup version 0.18-a0-1692-g516f9e9 (webtiles) character file.

56 Demise101 the Chopper (level 3, -4/46 HPs)
             Began as a Minotaur Warper on Apr 5, 2016.
             Slain by Sigmund
             ... wielding a +0 scythe
              (11 damage)
             ... on level 2 of the Dungeon.
             The game lasted 00:02:01 (1403 turns).

Demise101 the Chopper (Minotaur Warper)             Turns: 1403, Time: 00:02:01

Health: -4/46      AC:  5    Str: 20    XL:     3   Next: 69%
Magic:  4/4        EV: 11    Int: 10    God:
Gold:   82         SH:  0    Dex: 10    Spells: 1 memorised, 3 levels left

rFire  . . .     SeeInvis .     a - +1 hand axe
rCold  . . .     Gourm    .     q - +0 ring mail
rNeg   . . .     Faith    .     (no shield)
rPois  .         Spirit   .     (helmet restricted)
rElec  .         Dismiss  .     (no cloak)
rCorr  .         Reflect  .     (no gloves)
SustAt .         Harm     .     (no boots)
MR     .....                    (no amulet)
Stlth  ..........               (no ring)
                                (no ring)

@: mighty, berserking, very quick, not resistant to hostile enchantments,
extremely unstealthy
A: retaliatory headbutt, horns 2
a: no special abilities


You were on level 2 of the Dungeon.
You were hungry.

You visited 1 branch of the dungeon, and saw 2 of its levels.

You collected 82 gold pieces.

Inventory:

Hand Weapons
 a - a +1 hand axe (weapon)
Missiles
 e - 5 tomahawks of dispersal (quivered)
Armour
 b - a +0 leather armour
 q - a +0 ring mail (worn)
Scrolls
 d - a scroll of blinking
 g - a scroll of noise
 j - a scroll of remove curse
 k - a scroll of magic mapping {unknown}
 l - 2 scrolls of teleportation
 m - a scroll of recharging
 p - a scroll of random uselessness {unknown}
Potions
 o - a potion of degeneration {unknown}
Books
 c - a book of Spatial Translocations

   Spells                             Type                      Level
   a - Apportation                    Translocation                1
   b - Blink                          Translocation                2
   c - Shroud of Golubria             Charms/Translocation         2
   d - Portal Projectile              Translocation                3
   e - Teleport Other                 Translocation                3
   f - Passage of Golubria            Translocation                4
Comestibles
 f - 2 bread rations
 n - a chunk of flesh
 r - a slice of pizza


   Skills:
 + Level 3.6 Fighting
 * Level 3.7 Axes
 - Level 1.0 Throwing
 + Level 2.1 Armour
 - Level 2.1 Dodging
 - Level 1.3 Spellcasting
 - Level 2.1 Translocations


You had 3 spell levels left.
You knew the following spells:

 Your Spells              Type           Power        Failure   Level  Hunger
a - Apportation           Tloc           #.........   24%         1    ##.....


Dungeon Overview and Level Annotations

Branches:
Dungeon (2/15)

Altars:
Dithmenos
Pakellas

Annotations:
D:2 Sigmund


Innate Abilities, Weirdness & Mutations

You reflexively headbutt those who attack you in melee.
You have a pair of horns on your head.


Message History

The goblin hits the plant but does no damage.
Unknown command.
You miss something. Your headbutt misses something.
The hobgoblin hits the plant but does no damage.
Something hits you.
* * * LOW HITPOINT WARNING * * *
The worm bites the plant.
The goblin hits the plant but does no damage.
Unknown command.
Unknown command.
Drink which item? (? for menu, Esc to quit)
It was a potion of berserk rage.
A red film seems to cover your vision as you go berserk!
You feel yourself moving faster!
You feel mighty!
The hobgoblin splashes around in the water.
The goblin splashes around in the water.
You barely miss something.
The hobgoblin hits the plant but does no damage.
Something hits you!
You die...

#..≈≈≈≈≈P#
..≈.≈≈≈≈. ...≈≈≈≈..
.P≈.≈.≈≈P .#
..≈≈≈gP≈## .#
..P.≈gP..##.#####
#..w{....<....#
.###.##@........#
###
................#
...
#######!......>.###
#... #..)>.......#
#...
#.........#..##...
#...(.....##..#...
#####(..### #.....
##.†## ##...#.
####...###......


You could see a worm, a hobgoblin and a goblin.

Vanquished Creatures
  An adder (D:2)
  3 dart slugs (D:1)
  2 giant geckos
  3 giant cockroaches
  3 goblins
  4 hobgoblins
  5 kobolds
  A quokka (D:2)
  A ball python (D:1)
  7 bats
  2 giant newts (D:2)
  3 rats
35 creatures vanquished.

Notes
Turn   | Place    | Note
--------------------------------------------------------------
     0 | D:1      | Demise101 the Minotaur Warper began the quest for the Orb.
     0 | D:1      | Reached XP level 1. HP: 18/18 MP: 1/1
    65 | D:1      | Reached XP level 2. HP: 25/25 MP: 3/3
   749 | D:2      | Found an oddly glowing altar of Pakellas.
   780 | D:2      | Found a shadowy altar of Dithmenos.
   786 | D:2      | Reached XP level 3. HP: 27/31 MP: 4/4
   979 | D:2      | Noticed Sigmund
  1077 | D:2      | Found a faded altar to an unknown god.
  1403 | D:2      | Slain by Sigmund

Vault maps used:
D:1:      dpeg_arrival_windows_large_door, patterned_corridor
D:2:      grunt_dithmenos_smoke, ecumenical_altar_1, serial_bayou,
          serial_bayou_pond_b, serial_bayou_crossing, serial_bayou_pond_e,
          serial_bayou_pond_c, grunt_pakellas_basics, uniq_sigmund

Skill      XL: |  1  2 |
---------------+-------+-----
Fighting       | 3 |  3.6
Axes           | 3 |  3.7
Armour         | 2 |  2.1
Throwing       | |  1.0
Dodging        | |  2.1
Spellcasting   | |  1.3
Translocations | |  2.1

Action                   || total
-------------------------++-------
Melee: Hand axe          ||    83
  Use: Scroll            ||     6
       Potion            ||     2
  Eat: Chunk             ||     1
